 Dungeon Crawl Stone Soup version 0.31-a0-75-g6fe912e8c5 (webtiles) character file.

Game seed: 6366248546298907376

198 bande the Covered (level 5, 0/33 HPs)
             Began as a Gargoyle Fighter on May 23, 2023.
             Shot with an arrow by an orc (7 damage)
             ... on level 3 of the Dungeon.
             The game lasted 00:05:40 (1945 turns).

bande the Covered (Gargoyle Fighter)                Turns: 1945, Time: 00:05:40

Health: 0/33       AC: 11    Str: 19    XL:     5   Next: 77%
Magic:  5/5        EV:  9    Int:  9    God:
Gold:   90         SH:  4    Dex: 11    Spells: 4/4 levels left

rFire   . . .        a - +0 war axe
rCold   . . .        c - +0 buckler
rNeg    + . .        b - +0 scale mail
rPois   ∞            (no helmet)
rElec   +            (no cloak)
rCorr   .            (no gloves)
SInv    .            (no boots)
Will    .....        e - amulet of regeneration Stlth
                     (no ring)
HPRegen 1.05/turn    (no ring)
MPRegen 0.09/turn

%: no passive effects
@: no status effects
A: sickness immunity, AC +4, negative energy resistance 1, electricity
resistance, torment resistance 1, petrification resistance
a: no special abilities


You were on level 3 of the Dungeon.
You visited 1 branch of the dungeon, and saw 3 of its levels.

You collected 90 gold pieces.

Inventory:

Hand Weapons
 a - a +0 war axe (weapon)
 l - a +0 flail
Armour
 b - a +0 scale mail (worn)
 c - a +0 buckler (worn)
Jewellery
 e - an amulet of regeneration (around neck)
 h - a ring of wizardry
Wands
 j - a wand of flame (21)
 o - a wand of quicksilver (7)
Scrolls
 n - a scroll of teleportation
Potions
 d - a potion of might
 f - a potion of brilliance
 g - 2 potions of berserk rage
 k - a potion of resistance
 p - a potion of heal wounds {unknown}
 q - a potion of enlightenment {unknown}


   Skills:
 + Level 4.1 Fighting
 + Level 3.7 Axes
 + Level 4.2 Armour
 + Level 3.7 Shields
 * Level 1.2 Evocations


You had 4 spell levels left.
You didn't know any spells.
Your spell library was empty.

Dungeon Overview and Level Annotations

Branches:
Dungeon (3/15)

Altars:

Annotations:
D:3 Ijyb


Innate Abilities, Weirdness & Mutations

You are immune to sickness and miasma.
Your stone body is resilient. (AC +4)
You are immune to poison.
You resist negative energy. (rN+)
You are resistant to electric shocks. (rElec)
You are resistant to unholy torment.
You are immune to petrification.


Message History

You're too confused to move!
Ijyb hits you with a +0 club.
The orc shoots an arrow.
The arrow completely misses you.
You closely miss Ijyb.
Ijyb is heavily wounded.
You barely miss the orc. The orc closely misses you.
Ijyb hits you with a +0 club.
The orc shoots an arrow.
The arrow closely misses you. Something hits you but does no damage.
The orc shoots an arrow.
The arrow misses you.
You hit the orc.
The orc is almost dead.
You completely miss something. Something hits you but does no damage.
The orc barely misses you.
The orc shoots an arrow.
The arrow barely misses you. Ijyb hits you but does no damage.
You hear some strange, mumbled words.
A magic dart appears from out of thin air!
The magic dart hits you. The orc hits you with a +0 club.
You bump into the rock wall.
You feel less confused.
The orc shoots an arrow.
The arrow barely misses you.
You hear some strange, mumbled words.
A puff of flame appears from out of thin air!
The puff of flame hits you but does no damage.
Ijyb hits you with a +0 club. The orc hits you but does no damage.
You closely miss the orc.
The orc is almost dead.
You hit something. You hit Ijyb.
The orc shoots an arrow.
The arrow hits you! You block something's attack. Ijyb hits you with a +0 club.
* * * LOW HITPOINT WARNING * * *
The orc hits you but does no damage.
The orc shoots an arrow.
You slash the orc!
You kill the orc!
You closely miss something. You hit Ijyb but do no damage.
You block Ijyb's attack.
You hear some strange, mumbled words.
A magic dart appears from out of thin air!
The magic dart hits you.
* * * LOW HITPOINT WARNING * * *
The orc shoots an arrow.
The arrow hits you!
You die...

####.# #....##
##'## #.#.##
##...## #.###
##.....## #.###
##.......## #.#.##
#.........###....##
+.........'.......#
#.....g...###....##
..#....)@.## #.#.##
#.##...{.## #.###
##...## #.# ##'##
#.# #o# #.# #†# #..
#.# #.......#
#........#


You could see Ijyb and an orc.

Vanquished Creatures
  Natasha (thrice) (D:2)
  4 gnolls (D:2)
  3 adders
  2 worms (D:2)
  3 dart slugs
  An orc (D:3)
  7 ball pythons
  2 endoplasms (D:2)
  3 giant cockroaches (D:1)
  A goblin (D:2)
  3 hobgoblins
  4 kobolds
  3 quokkas
  7 bats
  2 frilled lizards
  6 rats
54 creatures vanquished.

Notes
Turn   | Place    | Note
-------+----------+-------------------------------------------
     0 | D:1      | bande the Gargoyle Fighter began the quest for the Orb.
     0 | D:1      | Reached XP level 1. HP: 14/14 MP: 1/1
   198 | D:1      | You fall into a shaft and drop 1 floor!
   209 | D:2      | Reached XP level 2. HP: 20/20 MP: 2/2
   330 | D:1      | Reached XP level 3. HP: 24/24 MP: 3/3
   856 | D:2      | Reached XP level 4. HP: 29/29 MP: 4/4
   888 | D:2      | Reached skill level 1 in Evocations
  1213 | D:2      | Noticed Natasha
  1223 | D:2      | Killed Natasha
  1224 | D:2      | Reached XP level 5. HP: 19/33 MP: 5/5
  1456 | D:2      | Noticed Natasha
  1472 | D:2      | Killed Natasha
  1525 | D:2      | Noticed Natasha
  1535 | D:2      | HP: 1/33 [Natasha/bolt of dispelling energy (13)]
  1536 | D:2      | Killed Natasha
  1905 | D:3      | Noticed Ijyb
  1945 | D:3      | Shot with an arrow by an orc

Illustrated notes

Levels and vault maps discovered:
D:1:      mushboom_english_gardens, layout_basic, hangedman_decor_peaks_small
D:2:      layout_basic, uniq_natasha
D:3:      layout_loops_corners, nicolae_ru_sacrificial_ziggurat, serial_shops,
          shop, minmay_misc_feat_alley, dk_vineyard_3, uniq_ijyb

Skill      XL: |  1  2  3  4 |
---------------+-------------+-----
Axes           | 2 3 |  3.7
Fighting       | 4 |  4.1
Evocations     | 1 |  1.2
Armour         | 4 |  4.2
Shields        | |  3.7

Action                     |  1- 3 |  4- 6 || total
---------------------------+-------+-------++-------
  Melee: War axe           |   105 |    96 ||   201
    Use: Scroll            |       |     5 ||     5
 Armour: Scale mail        |    69 |    56 ||   125
  Dodge: Dodged            |    55 |    48 ||   103
  Block: Buckler           |    25 |    19 ||    44

Table legend: (Time is in decaauts)
 A = Elapsed time spent in this place.
 B = Non-inter-level travel time spent in this place.
 C = Inter-level travel time spent in this place.
 D = Time resting spent in this place.
 E = Time spent auto-exploring this place.
 F = Levels seen in this place.
 G = Mean time per level.
                   A        B        C        D        E       F      G
               +--------+--------+--------+--------+--------+-----+--------+
         Total |   2024 |   1935 |     89 |    298 |   1127 |   3 |  674.7 |
       Dungeon |   2024 |   1935 |     89 |    298 |   1127 |   3 |  674.7 |
               +--------+--------+--------+--------+--------+-----+--------+

Top non-repeatable levels by time:
     D:2: 1218 daAuts
     D:1: 654 daAuts
     D:3: 151 daAuts
